 Dungeon Crawl Stone Soup version 0.31.0-9-g3a7656b989 (webtiles) character file.

Game seed: 14637887070706606446

6111 Peloso the Carver (level 10, -1/90 HPs)
             Began as a Minotaur Fighter on Jan 27, 2024.
             Succumbed to a water moccasin's poison
             ... on level 8 of the Dungeon.
             The game lasted 00:14:26 (8247 turns).

Peloso the Carver (Minotaur Fighter)                Turns: 8247, Time: 00:14:27

Health: -1/90      AC: 14    Str: 20    XL:     10   Next: 58%
Magic:  9/9        EV: 12    Int:  5    God:
Gold:   259        SH:  6    Dex: 15    Spells: 9/9 levels left

rFire   + . .        a - +0 long sword (chaos)
rCold   + . .        d - +0 buckler
rNeg    . . .        L - +0 plate armour
rPois   +            (helmet restricted)
rElec   +            (no cloak)
rCorr   +            (no gloves)
SInv    .            (no boots)
Will    +....        (no amulet) Stlth
                     g - +5 ring of evasion
HPRegen 0.35/turn    (no ring)
MPRegen 0.11/turn

%: no passive effects
@: lethally poisoned (-1 -> -7), resistant, attractive, enlightened, flying
A: horns 2, retaliatory headbutt
a: no special abilities


You were on level 8 of the Dungeon.
You visited 1 branch of the dungeon, and saw 8 of its levels.
You also visited: Sewer.

You collected 398 gold pieces.
You spent 139 gold pieces at shops.

Inventory:

Hand Weapons
 a - a +0 long sword of chaos (weapon)
 b - a +0 scimitar
Armour
 c - a +0 chain mail
 d - a +0 buckler (worn)
 L - a +0 plate armour (worn)
Jewellery
 e - a ring of see invisible
 g - a +5 ring of evasion (left hand)
 v - a ring of ice
 D - a +6 ring of intelligence
 E - an amulet of magic regeneration
 H - a ring of resist corrosion
Wands
 k - a wand of acid (6)
 u - a wand of flame (14)
 F - a wand of polymorph (8)
 I - a wand of roots (7)
Scrolls
 f - 2 scrolls of brand weapon
 h - a scroll of teleportation
 i - 2 scrolls of poison
 l - 3 scrolls of fog
 m - 2 scrolls of immolation
 o - 2 scrolls of enchant weapon
 x - a scroll of fear
 A - a scroll of revelation
 C - 2 scrolls of blinking
 J - a scroll of vulnerability
 K - a scroll of butterflies
Potions
 q - 2 potions of haste
 r - 3 potions of invisibility
 s - a potion of mutation
 w - a potion of enlightenment
 z - a potion of attraction
 B - a potion of cancellation
 M - a potion of degeneration {unknown}


   Skills:
 + Level 8.8 Fighting
 + Level 11.3 Long Blades
 + Level 10.2 Armour
 + Level 2.9 Dodging
 + Level 4.1 Stealth
 + Level 7.5 Shields
 + Level 1.0 Evocations


You had 9 spell levels left.
You didn't know any spells.
Your spell library contained the following spells:

 Spells                   Type           Power      Damage    Failure   Level
 Foxfire                  Conj/Fire      0%         2x1d4     100%        1
 Kiss of Death            Conj/Necr      0%         2d5       100%        1
 Magic Dart               Conj           0%         1d3       100%        1
 Shock                    Conj/Air       0%         1d3       100%        1
 Sting                    Conj/Alch      0%         1d3       100%        1
 Jinxbite                 Hex            0%         N/A       100%        2
 Searing Ray              Conj           0%         2d4       100%        2
 Confusing Touch          Hex            0%         N/A       100%        3
 Ozocubu's Armour         Ice            0%         N/A       100%        3
 Dispel Undead            Necr           0%         3d6       100%        4
 Fulminant Prism          Conj/Alch      0%         3d5       100%        4
 Metabolic Englaciation   Hex/Ice        0%         N/A       100%        5
 Yara's Violent Unravell  Hex/Alch       0%         3d3       100%        5
 Sculpt Simulacrum        Ice/Alch       0%         N/A       100%        6
 Enfeeble                 Hex            0%         N/A       100%        7


Dungeon Overview and Level Annotations

Branches:
Dungeon (8/15)             Temple (0/1) D:7           Sewer (visited)
   Lair: D:8-11

Altars:
The Shining One

Shops:
D:2 *   D:4 :***

Annotations:
D:5 1 transporter
D:6 1 runed translucent door, Prykner's ghost, novice HOFi


Innate Abilities, Weirdness & Mutations

You have a pair of horns on your head.
You reflexively headbutt those who attack you in melee.


Message History

A cyclops comes into view.
The cyclops shouts!
You slash the water moccasin! You freeze the water moccasin.
The water moccasin is moderately wounded.
You feel very sick. The water moccasin bites you.
* * * LOW HITPOINT WARNING * * *
You are lethally poisoned!
The water moccasin poisons you!
You slash the water moccasin!
Your headbutt misses the water moccasin.
The water moccasin is severely wounded.
* * * LOW HITPOINT WARNING * * *
You feel very sick.
The water moccasin bites you but does no damage.
Unknown command.
You slash the water moccasin!
The water moccasin looks weaker.
Your headbutt misses the water moccasin.
The water moccasin is almost dead.
* * * LOW HITPOINT WARNING * * *
You feel very sick.
The water moccasin bites you but does no damage.
Unknown command.
It was a potion of attraction.
You feel attractive to monsters.
* * * LOW HITPOINT WARNING * * *
You feel very sick. You block the water moccasin's attack.
The water moccasin closely misses you. The cyclops is attracted toward you.
It was a potion of enlightenment.
You feel very buoyant.
You fly up into the air.
* * * LOW HITPOINT WARNING * * *
You feel very sick.
The water moccasin bites you but does no damage.
The cyclops throws a large rock.
The large rock completely misses you. The cyclops is attracted toward you.
It was a potion of resistance.
You feel protected.
You die...

#.....'...# ...#≈..))))
≈#######...######[....##
#~~~~~~~~~~~~~~~~#......
.........§#......#.#....
#..######.....#..#.#..##
# ###..$..#..#.#....
#.§)....#..#.#.##<
#C....)....#.#.##.
#@......##.#.#....
#S.)....##.#.#####
#........# #.#
#.....[.:# #.#
######'##### #.# #
........ #.# #.
.........
#.#####..........
#.....#...♣~~~~~♣.


You could see a cyclops and a water moccasin (weak).

Vanquished Creatures
  Pikel (D:7)
  An ugly thing (D:8)
  2 cyclopes (D:8)
  A manticore (D:8)
  A troll (D:8)
  Grinder (D:5)
  Sigmund (D:5)
  A wyvern (D:8)
  A wraith (D:8)
  2 steam dragons
  2 acid dragons (D:8)
  A water moccasin (D:7)
  A sky beast (D:7)
  3 ice beasts
  2 orc warriors
  An ogre (D:5)
  3 centaurs
  A lemure (D:7)
  6 kobold brigands
  A bullfrog (D:7)
  2 brain worms (Sewer)
  A scorpion (D:6)
  10 wights
  A killer bee (D:4)
  A howler monkey (D:6)
  3 jellies
  5 orc priests
  3 hounds
  An iguana (D:4)
  Ijyb (D:3)
  An orc wizard (D:7)
  7 adders
  4 river rats (Sewer)
  A shadow imp (D:7)
  2 ufetubi (D:5)
  12 orcs
  3 endoplasms
  16 giant cockroaches
  2 hobgoblins (D:4)
  12 jackals
  8 kobolds
  6 quokkas
  9 ball pythons
  3 bats
  4 frilled lizards
  5 goblins
  10 rats
166 creatures vanquished.

Vanquished Creatures (others)
  An ufetubus (D:7)
  An orc (D:7)
2 creatures vanquished.

Grand Total: 168 creatures vanquished

Notes
Turn   | Place    | Note
-------+----------+-------------------------------------------
     0 | D:1      | Peloso the Minotaur Fighter began the quest for the Orb.
     0 | D:1      | Reached XP level 1. HP: 19/19 MP: 0/0
   345 | D:1      | Reached XP level 2. HP: 27/27 MP: 1/1
   954 | D:2      | Reached XP level 3. HP: 33/33 MP: 2/2
  1082 | D:2      | Found Piossas's General Store.
  1279 | D:2      | Reached skill level 3 in Long Blades
  1580 | D:3      | Found a glowing drain.
  1601 | Sewer    | Entered a sewer
  1636 | Sewer    | Reached XP level 4. HP: 34/40 MP: 3/3
  1709 | Sewer    | Noticed a brain worm
  1717 | Sewer    | Killed a brain worm
  1718 | Sewer    | Reached skill level 4 in Long Blades
  1718 | Sewer    | Reached XP level 5. HP: 7/47 MP: 0/4
  1987 | Sewer    | Reached skill level 1 in Dodging
  2004 | Sewer    | Reached skill level 5 in Long Blades
  2004 | Sewer    | Reached skill level 1 in Stealth
  2004 | Sewer    | Reached XP level 6. HP: 42/55 MP: 5/5
  2161 | Sewer    | Reached skill level 5 in Fighting
  2161 | Sewer    | Reached skill level 5 in Armour
  3260 | D:3      | Noticed Ijyb
  3270 | D:3      | Killed Ijyb
  3358 | D:4      | Found Ajicom's General Store.
  3420 | D:4      | Found Enoolioz's General Store.
  3421 | D:4      | Found Hawa's Assorted Antiques.
  3422 | D:4      | Found Culufa's Book Boutique.
  3432 | D:4      | Bought a scroll labelled JAOSTAU VYHOU for 21 gold pieces
  3432 | D:4      | Bought a scroll labelled JIUSEK YD NIRU for 21 gold pieces
  3447 | D:4      | Bought a scroll labelled JIUSEK YD NIRU for 21 gold pieces
  3447 | D:4      | Bought a scroll labelled ORPHYE VI RUFI for 21 gold pieces
  3447 | D:4      | Bought 2 smoky grey potions for 37 gold pieces
  3447 | D:4      | Bought a metallic amethyst potion for 18 gold pieces
  3583 | D:4      | Reached XP level 7. HP: 54/61 MP: 6/6
  3961 | D:5      | Entered Level 5 of the Dungeon
  4008 | D:5      | Noticed Sigmund
  4019 | D:5      | Killed Sigmund
  4020 | D:5      | Reached skill level 6 in Long Blades
  4081 | D:5      | Noticed Grinder
  4092 | D:5      | Killed Grinder
  4093 | D:5      | Reached skill level 5 in Shields
  4332 | D:5      | Found a transporter.
  4336 | D:5      | Identified the +1 spear of Mutilation {venom, *Slow Str+4
                  | SInv}
  4373 | D:5      | You fall into a shaft and drop 1 floor!
  4467 | D:6      | Reached XP level 8. HP: 64/69 MP: 7/7
  4733 | D:6      | Got Practicing Hermeneutics
  4900 | D:6      | Found a glowing golden altar of the Shining One.
  4926 | D:6      | Reached skill level 7 in Long Blades
  4969 | D:6      | Found a runed translucent door.
  4973 | D:6      | Noticed Prykner's ghost (novice HOFi)
  5405 | D:7      | Noticed Pikel
  5428 | D:7      | Killed Pikel
  5616 | D:7      | Reached skill level 8 in Long Blades
  6080 | D:7      | Reached XP level 9. HP: 78/78 MP: 8/8
  6182 | D:7      | Found a staircase to the Ecumenical Temple.
  6534 | D:7      | HP: 3/78 [steam dragon/ball of steam (17)]
  7180 | D:8      | Noticed a cyclops
  7194 | D:8      | Killed a cyclops
  7195 | D:8      | Reached skill level 9 in Long Blades
  7607 | D:8      | Reached skill level 10 in Long Blades
  7627 | D:8      | Reached XP level 10. HP: 42/88 MP: 9/9
  7628 | D:8      | Noticed a green ugly thing
  7780 | D:8      | Killed a green ugly thing
  7795 | D:8      | Noticed a cyclops
  7802 | D:8      | Killed a cyclops
  7983 | D:8      | Reached skill level 11 in Long Blades
  8038 | D:8      | Noticed a manticore
  8049 | D:8      | Killed a manticore
  8050 | D:8      | Reached skill level 10 in Armour
  8050 | D:8      | Reached skill level 1 in Evocations
  8241 | D:8      | Noticed a cyclops
  8245 | D:8      | HP: 3/90 [poisoned by a water moccasin]
  8246 | D:8      | HP: 1/90 [poisoned by a water moccasin]
  8247 | D:8      | Succumbed to a water moccasin's poison

Illustrated notes

Levels and vault maps discovered:
D:1:      lemuel_arrival_tunnels, layout_basic, corexii_leaking_fountain
D:2:      minmay_roachtagon, layout_basic, serial_shops, shop_statue,
          grunt_decor_resistance
D:3:      layout_basic, portal_sewer_entry_a, corexii_item_surrounded_by_moat,
          uniq_ijyb
D:4:      layout_basic, nicolae_wooded_promenade, minmay_misc_feat_plants
D:5:      black_bear_nest_1, layout_basic, fedhas_altar_1,
          gammafunk_ghost_gnarly_gnolls, minmay_misc_feat_cross,
          minmay_hedge_maze, uniq_grinder, uniq_sigmund, uniq_prince_ribbit1
D:6:      layout_loops_ring, lemuel_crystal_altar, gammafunk_ghost_grave,
          minmay_misc_feat_four_crosses, hangedman_abyss_or_decor_passed,
          st_stairs_14
D:7:      minmay_angry_zag, layout_basic, temple_statues, uniq_pikel
D:8:      cheibrodos_ideogram_h, layout_basic, kennysheep_path_1,
          nrook_pool_corridor, hangedman_decor_slide_cut

Skill      XL: |  1  2  3  4  5  6  7  8  9 10 |
---------------+-------------------------------+-----
Shields        | 4 5 6 7 |  7.5
Armour         | 4 5 6 8 9 10 | 10.2
Fighting       | 4 5 6 7 8 |  8.8
Long Blades    | 3 4 5 6 8 10 11 | 11.3
Dodging        | 1 2 |  2.9
Stealth        | 1 2 3 4 |  4.1
Evocations     | 1 |  1.0

Action                     |  1- 3 |  4- 6 |  7- 9 | 10-12 || total
---------------------------+-------+-------+-------+-------++-------
  Melee: Long sword        |    91 |   155 |   229 |    58 ||   533
         Headbutt          |    13 |    29 |    51 |    11 ||   104
  Evoke: Wand              |       |       |     3 |    11 ||    14
    Use: Potion            |     3 |       |     2 |     6 ||    11
         Scroll            |     4 |     4 |    10 |     1 ||    19
   Stab: Petrified         |       |     6 |     5 |       ||    11
         Confused          |       |     1 |       |       ||     1
         Petrifying        |       |       |     1 |       ||     1
         Paralysed         |       |       |     1 |       ||     1
 Armour: Scale mail        |    29 |       |       |       ||    29
         Chain mail        |    19 |    52 |   116 |       ||   187
         Plate armour      |       |       |    51 |    42 ||    93
  Dodge: Dodged            |    74 |    76 |   135 |    37 ||   322
  Block: Buckler           |    24 |    28 |    57 |    15 ||   124
